Map: Dusk Towers

Players

capac - Winner!

  • Race: Terran Terran
  • League: Gold

cosmos

  • Race: Terran Terran
  • League: Gold

VOD

Have the link to the VOD?

Description

Time

  • Played on: May 8, 2016, 10:57 a.m.
  • Length: 33:25
Show
View Real Time Build Order
Export as new Build Order

capac Terran - Winner!

Build Orders:  

Get SALT Encoding   

  12  0:01  SCV  
  13  0:13  SCV  
  14  0:19  Supply Depot  
  14  0:26  SCV  
  15  0:40  SCV  
  15  0:41  Barracks  
  16  0:46  Refinery  
  16  0:52  SCV  
  17  1:04  SCV  
  18  1:16  SCV  
  19  1:30  Orbital Command  
  19  1:31  Reaper  
  20  1:46  Supply Depot  
  20  1:56  SCV  
  21  2:03  Marine  
  21  2:04  Command Center  
  22  2:17  Refinery, Factory  
  22  2:29  Barracks  
  22  2:30  Engineering Bay  
  22  2:33  SCV  
  23  2:45  SCV  
  23  2:49  Barracks Reactor  
  24  2:51  Barracks Reactor  
  24  3:04  Factory Tech Lab  
  24  3:05  Missile Turret  
  24  3:07  Starport  
  24  3:09  SCV  
  25  3:21  Orbital Command  
  25  3:24  SCV  
  26  3:30  Marine x2  
  28  3:36  SCV  
  28  3:38  Barracks Tech Lab  
  29  3:49  Missile Turret  
  29  3:51  SCV x2  
  31  4:01  Siege Tank  
  34  4:09  Marine x3  
  35  4:11  SCV  
  35  4:20  Bunker  
  32  4:27  Marine  
  32  4:29  Marine x2  
  27  4:44  SCV  
  27  4:45  Siege Tank  
  31  4:52  SCV  
  32  4:57  SCV  
  33  5:06  SCV  
  34  5:08  Medivac  
  36  5:15  SCV  
  37  5:31  SCV x2  
  37  5:34  Marine x2  
  37  5:35  Marine  
  42  5:38  Starport Reactor  
  42  5:50  Command Center  
  42  5:54  SCV x2  
  42  5:56  Marine x2  
  46  5:57  Barracks  
  46  6:03  Supply Depot  
  46  6:18  Barracks  
  46  6:25  Marine, Siege Tank, SCV x2  
  52  6:27  Supply Depot  
  52  6:34  Refinery  
  52  6:37  SCV x2  
  52  6:38  Missile Turret  
  54  6:46  Stimpack  
  54  6:48  Barracks Reactor, Medivac x2  
  54  6:52  Supply Depot  
  59  6:54  SCV  
  59  7:04  Marine x2  
  59  7:05  Marine  
  59  7:07  Marine  
  63  7:11  SCV x2  
  65  7:20  Supply Depot  
  65  7:22  Orbital Command  
  65  7:23  SCV x2  
  67  7:35  Marine x3  
  67  7:36  Marine  
  72  7:38  Marine, Barracks Reactor  
  72  7:43  SCV  
  73  7:48  Supply Depot, SCV x2  
  73  7:51  Missile Turret  
  68  8:09  Missile Turret  
  67  8:15  Marine x3  
  67  8:16  Marine x3  
  71  8:37  Missile Turret  
  71  8:39  SCV, Missile Turret  
  72  8:53  Marine x3  
  72  8:54  Marine x3  
  78  8:56  SCV x2  
  80  9:07  Refinery  
  80  9:10  SCV x3  
  80  9:11  Missile Turret  
  80  9:12  Marine  
  80  9:13  Marine x4  
  88  9:20  Supply Depot  
  88  9:23  Medivac  
  90  9:25  Medivac  
  92  9:39  Marine x3  
  92  9:40  Marine x3  
  98  9:46  Barracks  
  98  9:47  SCV x3  
  101  10:02  Supply Depot  
  99  10:35  Liberator x2  
  89  10:41  Orbital Command  
  89  10:42  Marine x5  
  93  10:43  Marauder, Marine  
  97  10:53  Siege Tank  
  100  11:20  Marine x6  
  100  11:21  Marine  
  107  11:30  Siege Tank  
  110  11:34  SCV x3  
  110  11:39  Marauder  
  115  11:40  Missile Turret  
  115  11:42  Liberator x2, Missile Turret  
  115  11:55  Starport  
  115  11:59  SCV x2  
  123  12:06  Siege Tank  
  123  12:08  Terran Infantry Weapons Level 1  
  126  12:10  SCV  
  126  12:11  SCV  
  126  12:12  Refinery  
  126  12:14  SCV  
  129  12:16  Refinery, Marine  
  129  12:17  Marine x3  
  133  12:27  Supply Depot  
  133  12:31  Barracks Reactor  
  133  12:32  Liberator x2  
  133  12:37  Starport  
  133  12:38  Starport Reactor  
  133  12:49  Marine, SCV  
  141  12:56  Factory  
  141  12:59  Supply Depot  
  141  13:14  Marine x3, SCV x3  
  115  13:26  SCV  
  106  13:30  Marine x6  
  106  13:31  Marine x2  
  106  13:32  Marine  
  112  13:48  Marine x6  
  111  13:49  Marine x3  
  111  13:52  Liberator  
  111  13:53  Liberator x3  
  101  14:05  Marine  
  101  14:06  Marine x4  
  112  14:19  Liberator  
  99  14:32  Marine  
  99  14:33  Marine x3  
  99  14:34  Marine x2  
  99  14:38  Marine x2  
  110  14:45  Siege Tank  
  110  14:50  Factory Tech Lab  
  113  15:02  Marine  
  113  15:03  Marine x8  
  122  15:17  Liberator x2  
  122  15:18  Liberator x2  
  122  15:20  Marine x2  
  122  15:21  Marine  
  125  15:31  Marine  
  125  15:32  Marine x5  
  140  15:38  Starport Reactor  
  143  15:45  SCV x2  
  143  15:46  SCV  
  146  16:09  SCV x2  
  148  16:19  Liberator x2  
  148  16:21  Command Center  
  148  16:31  Marine  
  149  16:36  Marine x2  
  149  16:37  Marine  
  158  16:44  Supply Depot x2  
  158  16:50  Marine  
  159  16:56  Medivac x2  
  159  17:00  Siege Tank  
  166  17:03  Liberator x2  
  166  17:04  Liberator  
  161  17:23  Marine  
  156  17:31  Medivac  
  156  17:32  Medivac  
  160  17:38  Armory  
  160  18:09  Planetary Fortress  
  160  18:25  Marine  
  160  18:26  Marine x8  
  169  18:30  Terran Ship Weapons Level 1  
  169  18:33  Terran Infantry Weapons Level 2  
  169  18:35  Engineering Bay  
  169  18:43  Marine, Liberator x4  
  169  18:44  Marine x5, Liberator  
  169  18:45  Marine  
  176  18:55  Siege Tank x2  
  182  18:59  Refinery, SCV x3  
  182  19:00  Refinery  
  193  19:18  Marine x6  
  193  19:19  Marine  
  200  20:14  Command Center x2  
  200  20:24  Terran Infantry Armor Level 1  
  200  20:25  Armory  
  200  20:26  Terran Ship Weapons Level 2  
  182  21:08  Marine  
  182  21:09  Marine x8  
  143  21:26  Marine x6  
  143  21:27  Marine x3  
  150  21:39  Medivac x4  
  158  21:44  Marine x8  
  137  22:26  Marine x5  
  137  22:27  Marine x4  
  138  22:42  Liberator x6  
  138  22:44  Marine x4  
  134  23:17  Marine  
  134  23:18  Marine x8  
  143  23:26  Liberator x3  
  141  23:35  Marine  
  141  23:36  Marine x8  
  155  23:49  Liberator x3  
  155  23:53  Marine  
  138  24:08  Marine  
  138  24:09  Marine x7  
  152  24:11  Marine  
  120  24:26  Marine x2  
  120  24:27  Marine x2  
  120  24:29  Marine x3  
  120  24:30  Marine x2  
  116  24:39  Liberator x4  
  114  24:51  Marine x8  
  114  24:52  Marine  
  139  25:00  Siege Tank  
  139  25:04  Medivac x2  
  140  25:18  Planetary Fortress  
  140  25:21  Terran Ship Weapons Level 3  
  140  25:32  Marine  
  140  25:33  Marine x3  
  144  25:40  Medivac  
  146  25:58  Refinery  
  146  25:59  Refinery  
  146  26:01  Missile Turret  
  146  26:02  Missile Turret  
  146  26:03  Missile Turret  
  146  26:04  Liberator x3  
  146  26:05  Liberator x2  
  146  26:06  Liberator  
  146  26:25  Siege Tank x2  
  170  26:42  SCV  
  170  26:43  SCV x2  
  170  26:46  Planetary Fortress  
  156  28:35  Siege Tank x2  
  147  29:06  Marine  
  147  29:07  Marine x5  
  124  29:38  Marine  
  124  29:39  Marine x8  
  124  29:43  Medivac x2  
  137  29:46  Siege Tank x2  
  143  29:56  Marine  
  143  29:57  Marine x8  
  140  30:14  Marine x6  
  140  30:15  Marine x3  
  149  30:22  Medivac x2  
  149  30:23  Medivac x2  
  157  30:32  Marine x9  
  149  30:49  Marine  
  147  30:50  Marine x8  
  156  31:07  Marine  
  156  31:10  Marine x7  
  156  31:11  Marine  
  165  31:25  Marine  
  165  31:28  Marine x7  
  173  31:41  Orbital Command  
Show
View Real Time Build Order
Export as new Build Order

cosmos Terran 

Build Orders: Hellion Opening 

Get SALT Encoding   

  12  0:06  SCV  
  13  0:18  SCV  
  14  0:23  Supply Depot  
  14  0:30  SCV  
  15  0:44  Refinery, SCV  
  15  0:46  Barracks  
  16  0:56  SCV  
  17  0:57  Refinery  
  17  1:09  SCV  
  18  1:21  SCV  
  19  1:33  SCV  
  19  1:38  Supply Depot  
  20  1:40  Barracks Reactor  
  20  1:45  SCV  
  21  1:55  Factory  
  21  1:57  SCV  
  22  2:09  SCV  
  22  2:13  Factory  
  23  2:16  Marine x2  
  23  2:21  SCV  
  26  2:27  Supply Depot  
  26  2:33  SCV  
  27  2:45  SCV  
  27  2:48  Hellion  
  27  2:49  Hellion  
  32  2:52  Supply Depot  
  32  2:57  Factory Tech Lab  
  32  3:07  Orbital Command  
  34  3:13  Hellion  
  34  3:20  Infernal Pre-Igniter  
  34  3:33  Hellion x2  
  38  3:40  Engineering Bay  
  38  3:45  Hellion  
  40  3:55  Hellion  
  40  4:18  Hellion x2  
  40  4:19  Hellion  
  41  4:40  Hellion x2  
  45  4:51  Starport  
  45  5:01  Missile Turret, Command Center  
  45  5:03  Missile Turret  
  45  5:24  Supply Depot  
  45  5:25  SCV  
  45  5:26  Missile Turret  
  46  5:28  Liberator  
  46  5:30  Supply Depot  
  49  5:52  Supply Depot  
  49  5:53  SCV  
  50  5:59  Supply Depot  
  50  6:05  SCV  
  51  6:11  Liberator  
  51  6:15  Refinery  
  51  6:16  Missile Turret  
  51  6:18  SCV  
  52  6:19  Siege Tank  
  52  6:24  Factory Tech Lab  
  55  6:26  Supply Depot  
  55  6:30  SCV x2  
  60  6:37  Missile Turret  
  60  6:42  SCV x2  
  62  6:54  SCV x2  
  64  6:58  Missile Turret  
  64  7:02  Missile Turret  
  64  7:05  Missile Turret  
  64  7:06  SCV x2  
  66  7:11  Starport Reactor  
  66  7:14  Siege Tank x2  
  72  7:18  Supply Depot, SCV  
  73  7:23  SCV  
  74  7:30  Refinery  
  74  7:33  Missile Turret  
  74  7:41  Marine x2  
  76  7:46  Hellion  
  76  7:47  Hellion  
  80  8:19  Hellion x2  
  78  8:37  Missile Turret  
  78  8:38  Planetary Fortress  
  78  8:40  Hellion x2  
  82  8:44  Missile Turret  
  82  8:48  Supply Depot, Missile Turret  
  82  8:50  Hi-Sec Auto Tracking  
  82  9:01  Hellion x2  
  86  9:02  Liberator  
  86  9:08  Supply Depot  
  86  9:11  Liberator  
  86  9:12  Marine x2  
  88  9:23  Hellion x2  
  95  9:30  Marine x2  
  100  9:34  Supply Depot  
  100  9:44  Hellion x2  
  104  9:48  Marine x2  
  106  10:01  Supply Depot  
  106  10:03  Missile Turret  
  106  10:05  Marine  
  107  10:09  Viking  
  107  10:11  Viking  
  111  10:20  Siege Tank x2  
  117  10:24  Supply Depot, Marine x2  
  105  10:42  Marine x2  
  105  10:59  Liberator  
  105  11:00  Liberator  
  105  11:12  Command Center  
  105  11:15  Siege Tank x2  
  117  11:33  Missile Turret  
  117  11:38  Supply Depot  
  117  11:39  Supply Depot  
  111  12:10  Armory  
  111  12:12  Fusion Core  
  111  12:13  Liberator x2  
  111  12:29  Marine x2  
  113  12:30  Siege Tank x2  
  125  12:38  Planetary Fortress  
  125  12:41  Refinery  
  125  12:44  Missile Turret  
  125  12:49  Missile Turret x2  
  125  12:53  Missile Turret  
  125  12:58  Refinery  
  121  13:15  Liberator x2  
  102  13:31  Siege Tank  
  102  13:32  Siege Tank  
  92  14:18  Liberator x2  
  83  14:32  Marine  
  83  14:33  Marine  
  83  14:35  Siege Tank x2  
  97  14:46  Starport  
  97  14:47  Starport, Command Center  
  97  14:50  Supply Depot, Marine x2  
  99  14:56  Terran Vehicle Weapons Level 1  
  80  15:25  Viking x2  
  84  15:38  Missile Turret  
  84  15:39  Marine x2  
  86  15:49  Starport Tech Lab x2  
  86  15:55  Viking x2  
  90  15:57  Marine x2  
  90  16:01  Starport  
  92  16:06  Orbital Command  
  92  16:15  Marine  
  93  16:31  SCV  
  94  16:43  SCV  
  94  16:45  SCV  
  96  16:48  Command Center  
  96  16:49  Marine x2  
  96  16:50  Terran Ship Weapons Level 1  
  97  16:55  SCV  
  97  16:57  SCV  
  99  17:07  Marine x2, SCV  
  96  17:10  SCV  
  97  17:19  SCV  
  97  17:22  SCV  
  97  17:24  Marine  
  97  17:25  Marine  
  99  17:32  SCV  
  99  17:34  Missile Turret  
  100  17:37  Missile Turret  
  100  17:44  SCV  
  100  17:47  Missile Turret  
  100  17:48  Marine x2  
  103  17:53  Battlecruiser  
  103  17:54  Battlecruiser  
  103  17:56  Viking  
  103  17:57  Viking, SCV  
  120  17:59  Missile Turret  
  120  18:00  Viking  
  122  18:06  Marine x2  
  122  18:09  SCV  
  125  18:14  Missile Turret  
  125  18:21  Refinery, SCV  
  125  18:24  Marine  
  127  18:28  Missile Turret  
  127  18:33  SCV  
  127  18:38  Siege Tank x2  
  127  18:41  Viking x2  
  137  18:44  Starport Tech Lab  
  137  18:45  SCV  
  137  18:48  Armory  
  138  18:51  Terran Ship Weapons Level 2  
  138  18:57  SCV  
  138  18:58  Battlecruiser  
  132  19:10  Siege Tank  
  132  19:11  Viking  
  122  19:21  Viking x2  
  122  19:22  Viking  
  110  19:31  Missile Turret  
  110  19:33  SCV  
  110  19:36  SCV  
  112  19:41  Viking  
  118  19:45  Siege Tank x2, SCV  
  118  19:48  SCV  
  118  19:51  Viking x3  
  128  19:53  Terran Vehicle Weapons Level 2  
  128  19:57  SCV  
  129  20:00  SCV  
  129  20:02  Viking  
  132  20:09  Barracks, SCV  
  132  20:10  Marine x2  
  132  20:12  SCV  
  136  20:15  Viking  
  136  20:17  Siege Tank  
  136  20:18  Siege Tank, SCV  
  145  20:22  SCV  
  145  20:24  SCV  
  147  20:28  Marine x2, Missile Turret  
  147  20:30  SCV  
  147  20:33  Missile Turret  
  147  20:34  Refinery  
  150  20:36  SCV  
  150  20:37  Refinery  
  148  20:42  SCV  
  148  20:46  Marine x2  
  148  20:48  SCV, Missile Turret  
  147  20:54  Missile Turret  
  147  20:55  SCV  
  117  21:00  SCV  
  117  21:04  Marine x2  
  70  21:20  Viking x3  
  70  21:23  Siege Tank x2  
  82  21:28  Missile Turret  
  82  21:29  Missile Turret  
  82  21:30  Marine  
  83  21:37  Viking x2  
  87  21:41  SCV  
  88  21:48  Marine  
  88  21:50  Viking x3  
  88  21:53  SCV  
  95  21:55  Siege Tank  
  98  22:05  SCV  
  98  22:06  Marine  
  98  22:07  Viking x2  
  98  22:17  SCV  
  98  22:20  Viking x3  
  101  22:24  Marine  
  93  22:42  Marine  
  92  23:24  Siege Tank x2  
  98  23:33  Banshee x3  
  107  23:56  Siege Tank  
  94  24:13  Missile Turret  
  94  24:15  Banshee  
  94  24:16  Banshee  
  72  24:35  SCV  
  70  24:47  SCV  
  71  24:59  SCV  
  72  25:05  Siege Tank  
  75  25:07  Siege Tank  
  75  25:12  Viking, SCV  
  75  25:13  Viking x3  
  75  25:14  Viking  
  89  25:22  Marine x2, Barracks Reactor  
  89  25:24  SCV  
  89  25:27  Barracks  
  92  25:33  Refinery  
  92  25:36  SCV  
  92  25:39  Siege Tank  
  92  25:40  Marine x2  
  97  25:58  Marine x2  
  97  26:00  Missile Turret  
  99  26:07  Marine x2  
  99  26:10  Siege Tank  
  104  26:11  Siege Tank  
  104  26:16  Marine x2, Barracks Reactor  
  109  26:25  Marine x2  
  111  26:33  Marine x2  
  111  26:34  Cloaking Field  
  111  26:38  Medivac x2  
  117  26:40  Medivac  
  117  26:42  Siege Tank  
  117  26:43  Marine x2, Siege Tank  
  117  26:46  SCV  
  128  26:51  Marine x2  
  130  26:58  SCV  
  130  27:01  Marine x2  
  132  27:09  Marine x2  
  132  27:10  SCV  
  127  27:22  SCV  
  120  27:34  SCV  
  106  27:40  Thor x2  
  106  27:43  Viking  
  120  27:44  Viking  
  120  27:50  Marine  
  120  27:51  Marine x5  
  124  28:08  Marine x2  
  124  28:09  Marine x4  
  121  28:22  Thor  
  121  28:23  Hellion  
  121  28:26  Marine x3  
  121  28:27  Marine x3  
  131  28:44  Marine x4  
  131  28:45  Hellion  
  126  29:06  Hellion x2  
  71  30:40  Hellion x2  
  75  31:02  Hellion x2  
  79  31:18  Viking x4  
  87  31:23  Hellion x2  
  91  31:44  Hellion  
  91  31:45  Hellion  
  95  32:06  Hellion x2  
  63  32:27  Hellion x2  
Tags
 
Add a new tag
Caveats
  • Supply blocks, unpowered buildings, or Contaminate may cause inaccurate times.
  • Supply counts are checked every 10 seconds.